 Dungeon Crawl Stone Soup version 0.27-a0-498-g7ecbb0a48f (webtiles) character file.

Game seed: 8429171335487587586

48 HoaS the Ruffian (level 3, 0/29 HPs)
             Began as a Demigod Gladiator on Mar 2, 2021.
             Slain by an orc wizard
             ... wielding a +0 dagger
              (1 damage)
             ... on level 2 of the Dungeon.
             The game lasted 00:02:03 (1100 turns).

HoaS the Ruffian (Demigod Gladiator)                Turns: 1100, Time: 00:02:03

Health: 0/29       AC:  4    Str: 19    XL:     3   Next: 30%
Magic:  5/5        EV: 12    Int: 10    God:
Gold:   43         SH:  5    Dex: 15    Spells: 2/2 levels left

rFire    . . .     SeeInvis .     - Unarmed
rCold    . . .     Faith    .   (no shield)
rNeg     . . .     Spirit   .   a - +0 leather armour
rPois    .         Reflect  +   b - +0 helmet
rElec    .         Harm     .   (no cloak)
rCorr    .         Rampage  .   (no gloves)
Will     .....                  (no boots)
Stlth    +.........             k - amulet of reflection
HPRegen  0.09/turn              (no ring)
MPRegen  0.09/turn              (no ring)

@: no status effects
A: high mp 1
a: no special abilities


You were on level 2 of the Dungeon.
You visited 1 branch of the dungeon, and saw 2 of its levels.

You collected 43 gold pieces.

Inventory:

Missiles
 c - 3 throwing nets (quivered)
 g - 29 poisoned darts
Armour
 a - a +0 leather armour (worn)
 b - a +0 helmet (worn)
Jewellery
 k - an amulet of reflection (around neck)
Scrolls
 i - a scroll of teleportation
 m - a scroll of immolation {unknown}
 n - a scroll of magic mapping {unknown}
Potions
 d - 2 potions of curing {unknown}
 e - a potion of ambrosia {unknown}
 f - a potion of heal wounds {unknown}
 h - a potion of mutation {unknown}
 j - a potion of flight {unknown}
 l - a potion of brilliance {unknown}


   Skills:
 - Level 1.7 Fighting
 - Level 1.7 Throwing
 - Level 2.6 Dodging
 + Level 4.1 Unarmed Combat


You had 2 spell levels left.
You didn't know any spells.
Your spell library was empty.

Dungeon Overview and Level Annotations

Branches:
Dungeon (2/15)


Innate Abilities, Weirdness & Mutations

You have an increased reservoir of magic. (+10% MP)


Message History

You hit the hobgoblin.
You kill the hobgoblin!
No target in view!
You see here a hobgoblin corpse.
An orc wizard comes into view. It is wielding a +0 dagger.
The orc wizard shouts!
You hear a shout!
An orc comes into view. It is wielding a +0 club.
The orc wizard moves out of view.
An orc comes into view.
You see here 2 ruby potions.
There are monsters nearby!
There are monsters nearby!
You see here 2 ruby potions.
You see here a hobgoblin corpse.
The orc wizard gestures at you while chanting.
The magic dart hits you!
The orc wizard gestures at you while chanting.
You resist with some effort.
You miss the orc wizard. You closely miss the orc wizard.
You block the orc wizard's attack. The orc hits you with a +0 club.
You hit the orc wizard.
The orc wizard is moderately wounded.
The orc wizard hits you with a +0 dagger.
The orc completely misses you.
The orc wizard points at you and mumbles some strange words.
The puff of flame hits you!
You hit the orc but do no damage. You punch the orc.
The orc is moderately wounded.
You hit the orc wizard but do no damage.
The orc wizard is moderately wounded.
You hit the orc wizard.
The orc wizard is heavily wounded.
The orc wizard gestures at you while chanting.
The puff of flame hits you!
* * * LOW HITPOINT WARNING * * *
You barely miss the orc wizard.
The orc wizard is heavily wounded.
The orc wizard hits you with a +0 dagger.
You die...

..>..^.o..o...
.....!.#†###########
......†..oo......(.#
.......#######.....#
.......# #.....#
.......# #.....#
######### #..o..#
#......# ###o###
#......# #@# #......#
#.## #......# #..#
#......# ##.## #......#
#..# #......# ####.#
#... #......# #..[.##
#... #......#
#.....###.#
#......#######.........#


You could see an orc wizard and an orc.

Vanquished Creatures
  4 dart slugs (D:1)
  3 leopard geckos (D:1)
  2 giant cockroaches (D:2)
  2 goblins (D:2)
  6 hobgoblins
  3 jackals (D:1)
  A quokka (D:2)
  2 bats
  A frilled lizard (D:1)
  5 kobolds
  6 rats
35 creatures vanquished.

Notes
Turn   | Place    | Note
-------+----------+-------------------------------------------
     0 | D:1      | HoaS the Demigod Gladiator began the quest for the Orb.
     0 | D:1      | Reached XP level 1. HP: 17/17 MP: 3/3
    72 | D:1      | Reached skill level 3 in Unarmed Combat
    84 | D:1      | Reached XP level 2. HP: 17/24 MP: 4/4
   513 | D:1      | Reached XP level 3. HP: 29/29 MP: 5/5
   878 | D:2      | Reached skill level 4 in Unarmed Combat
  1099 | D:2      | HP: 1/29 [orc wizard/puff of flame (8)]
  1100 | D:2      | Slain by an orc wizard

Illustrated notes

Levels and vault maps discovered:
D:1:      nzn_arrival_settlement, layout_basic
D:2:      layout_basic, uniq_robin

Skill      XL: |  1  2  3 |
---------------+----------+-----
Unarmed Combat | 3 4 |  4.1
Fighting       | |  1.7
Throwing       | |  1.7
Dodging        | |  2.6

Action                   || total
-------------------------++-------
Melee: Unarmed           ||   119
       Punch             ||     2
  Use: Scroll            ||     1
 Stab: Distracted        ||     1
Armor: Leather armour    ||    21
Dodge: Dodged            ||    65
Block: Other             ||     4

Table legend: (Time is in decaauts)
 A = Elapsed time spent in this place.
 B = Non-inter-level travel time spent in this place.
 C = Inter-level travel time spent in this place.
 D = Time resting spent in this place.
 E = Time spent auto-exploring this place.
 F = Levels seen in this place.
 G = Mean time per level.
                   A        B        C        D        E       F      G
               +--------+--------+--------+--------+--------+-----+--------+
         Total |   1091 |   1044 |     47 |    204 |    594 |   2 |  545.5 |
       Dungeon |   1091 |   1044 |     47 |    204 |    594 |   2 |  545.5 |
               +--------+--------+--------+--------+--------+-----+--------+

Top non-repeatable levels by time:
     D:1: 839 daAuts
     D:2: 251 daAuts
